 Dungeon Crawl Stone Soup version 0.30.1-4-g462c640d31 (webtiles) character file.

Game seed: 2029706638895653203

196 Mune the Grave Robber (level 5, -1/35 HPs)
             Began as a Vampire Necromancer on Aug 12, 2023.
             Succumbed to an adder's poison
             ... on level 4 of the Dungeon.
             The game lasted 00:08:56 (3479 turns).

Mune the Grave Robber (Vampire Necromancer)         Turns: 3479, Time: 00:08:57

Health: -1/35      AC:  5    Str:  7    XL:     5   Next: 46%
Magic:  0/8        EV: 13    Int: 19    God:
Gold:   171        SH:  0    Dex: 15    Spells: 0/8 levels left

rFire   . . .        p - staff of cold
rCold   + . .        (no shield)
rNeg    . . .        a - +0 robe
rPois   .            (no helmet)
rElec   .            m - +0 cloak
rCorr   .            j - +0 pair of gloves
SInv    +            d - +0 pair of boots
Will    .....        u - amulet of guardian spirit
Stlth   ++           (no ring)
HPRegen 0.45/turn    (no ring)
MPRegen 0.11/turn

%: guardian spirit
@: lethally poisoned (-1 -> -6), healing quickly
A: alive, fangs 3, see invisible, vampiric 2
a: Exsanguinate


You were on level 4 of the Dungeon.
You visited 1 branch of the dungeon, and saw 4 of its levels.

You collected 171 gold pieces.

Inventory:

Hand Weapons
 e - a +0 dagger
 l - a +1 dagger of venom
Armour
 a - a +0 robe (worn)
 d - a +0 pair of boots (worn)
 j - a +0 pair of gloves (worn)
 m - a +0 cloak (worn)
Magical Staves
 p - a staff of cold (weapon)
Jewellery
 u - an amulet of guardian spirit (around neck)
Scrolls
 c - a scroll of immolation {unknown}
 g - a scroll of fear {unknown}
 h - a scroll of amnesia {unknown}
 i - 2 scrolls of identify {unknown}
 k - 2 scrolls of teleportation
 q - 2 scrolls of noise {unknown}
 s - a scroll of magic mapping {unknown}
 v - a scroll of poison {unknown}
 w - a scroll of enchant armour {unknown}
Potions
 b - a potion of magic
 f - a potion of heal wounds {unknown}
 o - a potion of resistance {unknown}
 r - a potion of mutation {unknown}


   Skills:
 * Level 2.3 Staves
 + Level 3.6 Dodging
 - Level 3.7 Stealth
 - Level 2.3 Spellcasting
 + Level 5.3 Necromancy


You couldn't memorise any spells.
You knew the following spells:

 Your Spells              Type           Power      Damage    Failure   Level
a - Necrotise             Necr           88%        1d8       1%          1
b - Vampiric Draining     Necr           22%        2d7       5%          3
c - Animate Dead          Necr           22%        N/A       19%         4

Your spell library contained the following spells:

 Spells                   Type           Power      Damage    Failure   Level
 Summon Small Mammal      Summ           8%         N/A       16%         1
 Call Canine Familiar     Summ           2%         N/A       43%         3
 Inner Flame              Hex/Fire       2%         N/A       43%         3
 Portal Projectile        Hex/Tloc       4%         N/A       43%         3
 Summon Guardian Golem    Hex/Summ       2%         N/A       43%         3
 Tukima's Dance           Hex            2%         N/A       43%         3
 Agony                    Necr           22%        N/A       45%         5
 Flame Wave               Conj/Fire      2%         2d4       85%         4
 Sticky Flame             Conj/Fire      2%         2d3       85%         4
 Blade Hands              Tmut           1%         N/A       99%         5


Dungeon Overview and Level Annotations

Branches:
Dungeon (4/15)
 Temple: D:4-7

Altars:
Cheibriados
Dithmenos
Uskayaw
Yredelemnul

Annotations:
D:4 Duvessa


Innate Abilities, Weirdness & Mutations

Your natural rate of healing is accelerated.
You have razor-sharp teeth.
You have supernaturally acute eyesight. (SInv)
You are afflicted with vampirism and can become a bat while bloodless.


Message History

You hear a shout!
The adder misses you.
You miss the adder.
The adder is severely wounded.
You feel sick.
You are no longer poisoned.
You hear a shout!
The adder closely misses you.
You hear a shout!
A sleepcap comes into view.
You hit the adder.
The adder is almost dead.
The adder barely misses you.
The orc hits you with a +2 dagger of protection.
* * * LOW HITPOINT WARNING * * *
You hit the adder but do no damage.
The adder is almost dead.
You hear a shout!
The adder barely misses you.
You hear a shout!
The adder completely misses you.
The orc hits you with a +2 dagger of protection.
* * * LOW HITPOINT WARNING * * *
You hit the adder.
The adder is almost dead.
The adder bites you.
* * * LOW HITPOINT WARNING * * *
You are lethally poisoned!
The adder poisons you!
The orc hits you with a +2 dagger of protection.
* * * LOW HITPOINT WARNING * * *
The orc wizard gestures wildly while chanting.
The orc wizard flickers and vanishes for a moment.
Unknown command.
Unknown command.
Unknown command.
You hit the adder but do no damage.
The adder is almost dead.
You float gracefully downwards.
You die...

#.# .o# #.# #.#
#.###.## .
.h#.##...# ...
.........#####o....
#.##....S@ooo....
###.###.######o....
............... ...
..####.###.##.###.
. #.# #......$..#
#.................
#S########........
#.# ##.....## . #.#
#...#..


You could see an orc wizard (invisible), an adder and 4 orcs.

Vanquished Creatures
  Dowan (D:4)
  Ijyb (D:3)
  An orc wizard (D:3)
  3 adders
  A dart slug (D:1)
  An orc (D:3)
  3 endoplasms
  3 giant cockroaches
  2 hobgoblins (D:2)
  6 jackals
  5 ball pythons
  3 bats
  3 frilled lizards
  10 goblins
  3 kobolds
  7 rats
53 creatures vanquished.

Vanquished Creatures (collateral kills)
  An adder (D:2)
  2 orcs (D:3)
  A jackal (D:1)
4 creatures vanquished.

Grand Total: 57 creatures vanquished

Notes
Turn   | Place    | Note
-------+----------+-------------------------------------------
     0 | D:1      | Mune the Vampire Necromancer began the quest for the Orb.
     0 | D:1      | Reached XP level 1. HP: 13/13 MP: 3/3
   262 | D:1      | Reached XP level 2. HP: 19/19 MP: 0/5
   985 | D:2      | Gained mutation: You are afflicted with vampirism and can
                  | become a bat while bloodless. [Vampire growth]
   985 | D:2      | Reached XP level 3. HP: 16/24 MP: 1/6
  1807 | D:3      | Learned a level 3 spell: Vampiric Draining
  1936 | D:3      | Reached skill level 1 in Staves
  2093 | D:3      | Found a hide-covered altar of Uskayaw.
  2096 | D:3      | Found a snail-covered altar of Cheibriados.
  2129 | D:3      | Found a shadowy altar of Dithmenos.
  2132 | D:3      | Found a basalt altar of Yredelemnul.
  2137 | D:3      | Reached XP level 4. HP: 30/30 MP: 2/7
  2264 | D:3      | Noticed Ijyb
  2336 | D:3      | Killed Ijyb
  2337 | D:3      | Reached skill level 5 in Necromancy
  3196 | D:4      | Noticed Dowan
  3199 | D:4      | Reached XP level 5. HP: 35/35 MP: 3/8
  3200 | D:4      | Noticed Duvessa
  3304 | D:4      | Learned a level 4 spell: Animate Dead
  3440 | D:4      | Killed Dowan
  3478 | D:4      | HP: 1/35 [orc/+2 dagger of protection (4)]
  3479 | D:4      | Succumbed to an adder's poison

Illustrated notes

Levels and vault maps discovered:
D:1:      ncdulo_lavacross, layout_loops_ring, item_on_display_a
D:2:      minmay_skewed_foursquare, layout_rooms, moated_statue
D:3:      kennysheep_the_goblin_king, layout_loops_cross,
          grunt_temple_overflow_cloverleaf
D:4:      minmay_angry_zag, layout_loops_ring, portal_sewer_entry_b,
          grunt_ministairs_6, minmay_diced_spiral, uniq_duvessa

Skill      XL: |  1  2  3  4 |
---------------+-------------+-----
Dodging        | 3 |  3.6
Staves         | 1 2 |  2.3
Necromancy     | 5 |  5.3
Stealth        | |  3.7
Spellcasting   | |  2.3

Action                     |  1- 3 |  4- 6 || total
---------------------------+-------+-------++-------
  Melee: Unarmed           |    10 |       ||    10
         Staff             |     8 |    40 ||    48
         Bite              |     1 |     3 ||     4
         Punch             |       |     1 ||     1
   Cast: Necrotise         |    72 |    41 ||   113
    Use: Potion            |       |     5 ||     5
         Scroll            |       |     2 ||     2
   Stab: Distracted        |       |     2 ||     2
 Armour: Robe              |    20 |     7 ||    27
         Skin              |       |    21 ||    21
  Dodge: Dodged            |    37 |    38 ||    75
